 Dungeon Crawl Stone Soup version 0.28.0-45-g0d030f2227 (webtiles) character file.

Game seed: 9099114509442792952

2261 Zeld the Destroyer (level 9, -5/74 HPs)
             Began as a White Draconian Conjurer on Apr 7, 2022.
             Was a Follower of Vehumet.
             Slain by an ogre
             ... wielding a +0 giant club
              (25 damage)
             ... on level 6 of the Dungeon.
             The game lasted 00:07:46 (7523 turns).

Zeld the Destroyer (White Draconian Conjurer)       Turns: 7523, Time: 00:07:46

Health: -5/74      AC:  8    Str: 10    XL:     9   Next: 15%
Magic:  15/17      EV: 12    Int: 22    God:    Vehumet [*.....]
Gold:   290        SH:  0    Dex: 10    Spells: 8/19 levels left

rFire   . . .      SeeInvis +   n - +7 war axe of Upheaval {vorpal, rElec rPois SInv}
rCold   + . .      Faith    .   (no shield)
rNeg    . . .      Spirit   .   (armour unavailable)
rPois   +          Reflect  .   (helmet restricted)
rElec   +          Harm     .   t - +0 cloak
rCorr   .          Rampage  .   (no gloves)
Will    .....                   (no boots)
Stlth   ++........              (no amulet)
HPRegen 0.22/turn               (no ring)
MPRegen 0.15/turn               i - ring of wizardry

@: no status effects
A: breathe frost, AC +7, unfitting armour, cold resistance 1, cold-blooded
a: Breathe Frost, Renounce Religion


You were on level 6 of the Dungeon.
You worshipped Vehumet.
Vehumet was aware of your devotion.
You visited 2 branches of the dungeon, and saw 7 of its levels.

You collected 290 gold pieces.

Inventory:

Hand Weapons
 n - the +7 war axe of Upheaval (weapon) {vorpal, rElec rPois SInv}
   (You found it on level 3 of the Dungeon)

   It inflicts extra damage upon your enemies.
   rElec:     It insulates you from electricity.
   rPois:     It protects you from poison.
   SInv:      It lets you see invisible.
Armour
 t - a +0 cloak (worn)
Jewellery
 i - a ring of wizardry (right hand)
Scrolls
 a - 3 scrolls of enchant armour {unknown}
 c - a scroll of fear {unknown}
 d - a scroll of brand weapon {unknown}
 h - a scroll of torment {unknown}
 k - 3 scrolls of enchant weapon {unknown}
 p - 2 scrolls of identify {unknown}
 q - 4 scrolls of teleportation {unknown}
 s - a scroll of amnesia {unknown}
Potions
 b - a potion of lignification {unknown}
 f - 2 potions of might {unknown}
 g - a potion of attraction {unknown}
 j - 2 potions of curing {unknown}
 l - 2 potions of cancellation {unknown}
 m - a potion of invisibility {unknown}


   Skills:
 - Level 5.0 Fighting
 - Level 2.0 Dodging
 - Level 2.0 Stealth
 + Level 5.9 Spellcasting
 * Level 9.6 Conjurations
 - Level 2.0 Hexes
 - Level 2.0 Translocations


You had 8 spell levels left.
You knew the following spells:

 Your Spells              Type           Power      Damage    Failure   Level
a - Magic Dart            Conj           100%       1d8       1%          1
b - Searing Ray           Conj           98%        2d8       1%          2
c - Fulminant Prism       Conj/Hex       16%        3d11      3%          4
d - Iskenderun's Mystic   Conj/Tloc      32%        2d8       3%          4

Your spell library contained the following spells:

 Spells                   Type           Power      Damage    Failure   Level
 Shock                    Conj/Air       100%       1d9       1%          1
 Static Discharge         Conj/Air       27%        N/A       1%          2
 Dazzling Flash           Conj/Hex       64%        N/A       1%          3
 Animate Skeleton         Necr           12%        N/A       4%          1
 Pain                     Necr           24%        1d5       4%          1
 Vampiric Draining        Necr           6%         2d6       12%         3
 Lightning Bolt           Conj/Air       13%        1d27      14%         5
 Maxwell's Capacitive Co  Air            3%         ∞         100%        8


Dungeon Overview and Level Annotations

Branches:
Dungeon (6/15)             Temple (1/1) D:4

Altars:
Cheibriados
Dithmenos
Elyvilon
Fedhas
Kikubaaqudgha
Makhleb
Nemelex Xobeh
Okawaru
Qazlal
Ru
Sif Muna
Trog
Uskayaw
Vehumet
Wu Jian
Xom
Yredelemnul
Zin

Annotations:
D:5 2 transporters, Gregoryblaze's ghost, novice DrTm


Innate Abilities, Weirdness & Mutations

You can breathe waves of freezing cold which knock back foes.
Your icy white scales are hard. (AC +7)
You cannot fit into any form of body armour.
Your flesh is cold resistant. (rC+)
You are cold-blooded and may be slowed by cold attacks.


Message History

Found a book of Blood.
You slash the ogre!
The ogre is heavily wounded.
A centaur comes into view.
The ogre completely misses you.
The centaur wields a +0 shortbow.
The centaur shoots an arrow.
The arrow closely misses you.
You hit the ogre.
Your tail-slap misses the ogre.
The ogre is severely wounded.
The centaur shoots an arrow.
The arrow hits you. The ogre hits you with a +0 giant club!
You hit the ogre.
The ogre is almost dead.
The centaur shoots an arrow.
The arrow hits you. The ogre closely misses you.
The centaur shoots an arrow.
The arrow closely misses you. The ogre hits you with a +0 giant club!
You are too injured to fight recklessly!
Unknown command.
The centaur shoots an arrow.
The arrow closely misses you.
The centaur shoots an arrow.
The arrow hits you.
The centaur shoots an arrow.
The arrow hits you.
The centaur unwields a +0 shortbow.
The centaur hits you. The centaur closely misses you.
The centaur barely misses you.
The centaur kicks you but does no damage.
Casting: Searing Ray (safe; 1% risk of failure)
Confirm with . or Enter, or press ? or * to list all spells.
Aiming: Searing Ray (safe; 1% risk of failure)
Press: ? - help, Shift-Dir - straight line, f - centaur
Aim: a centaur, quivering arrows (90% to hit)
The searing ray hits the centaur.
The centaur is moderately wounded. (Press . to maintain the ray.)
The centaur hits you.
* * * LOW HITPOINT WARNING * * *
The centaur kicks you but does no damage.
You hit the centaur.
The centaur is moderately wounded.
You barely miss the ogre. The centaur closely misses you.
The centaur barely misses you.
The ogre hits you with a +0 giant club!!
You die...

#.. #... #...##
.....## #.#...:#
#.#....# .#
###.##...#### ..#
....####...##..
###....$#.O@.#.# .#
#.##...†#=.)c#.# .#
#.......##.$...# .#
#.#......###..## .# #
#...........# .# .#
#.#<#.#.##..###.#..#.#
#.#.#..........)......
# #.#......÷....#.
#.#.#.#..........#


You could see an ogre and a centaur.

Vanquished Creatures
  2 ice beasts
  Pargi (D:4)
  A black bear (D:5)
  4 sky beasts
  A necrophage (D:5)
  5 ogres
  2 phantoms
  A wyvern zombie (D:6)
  A wyvern skeleton (D:5)
  A water moccasin skeleton (D:6)
  A howler monkey (D:5)
  A centaur zombie (D:6)
  3 hounds
  2 orc priests
  A bullfrog skeleton (D:5)
  Crazy Yiuf (D:4)
  A centaur skeleton (D:4)
  5 iguanas
  An orc wizard (D:5)
  Natasha (thrice) (D:2)
  A killer bee zombie (D:5)
  A howler monkey zombie (D:5)
  A howler monkey skeleton (D:5)
  A gnoll (D:5)
  6 adders
  2 worms
  A dart slug (D:1)
  10 orcs
  3 endoplasms
  7 goblins
  9 hobgoblins
  7 jackals
  4 quokkas
  3 ball pythons
  3 bats
  3 frilled lizards
  8 kobolds
  3 rats
111 creatures vanquished.

Notes
Turn   | Place    | Note
-------+----------+-------------------------------------------
     0 | D:1      | Zeld the Draconian Conjurer began the quest for the Orb.
     0 | D:1      | Reached XP level 1. HP: 14/14 MP: 3/3
   360 | D:1      | Found a faded altar of an unknown god.
   371 | D:1      | Reached XP level 2. HP: 15/20 MP: 0/5
   389 | D:1      | Learned a level 2 spell: Searing Ray
  1239 | D:2      | Reached XP level 3. HP: 26/26 MP: 1/6
  1626 | D:2      | Noticed Natasha
  1631 | D:2      | Killed Natasha
  1783 | D:2      | Reached skill level 5 in Conjurations
  1820 | D:2      | Reached XP level 4. HP: 31/33 MP: 3/8
  2149 | D:2      | Noticed Natasha
  2171 | D:2      | Killed Natasha
  2819 | D:2      | Reached XP level 5. HP: 38/38 MP: 3/9
  2819 | D:2      | Noticed Natasha
  2993 | D:2      | Killed Natasha
  3433 | D:3      | Learned a level 4 spell: Fulminant Prism
  3795 | D:3      | Identified the +7 war axe of Upheaval {vorpal, rElec rPois
                  | SInv}
  4031 | D:3      | Reached skill level 6 in Conjurations
  4415 | D:4      | Noticed Pargi
  4426 | D:4      | Killed Pargi
  4427 | D:4      | Reached skill level 1 in Fighting
  4427 | D:4      | Reached XP level 6. HP: 35/47 MP: 2/11
  4459 | D:4      | Learned a level 4 spell: Iskenderun's Mystic Blast
  4579 | D:4      | Found a sparkling altar of Nemelex Xobeh.
  5021 | D:4      | Noticed a sky beast
  5031 | D:4      | Killed a sky beast
  5166 | D:4      | Reached skill level 7 in Conjurations
  5166 | D:4      | Your scales start taking on an icy white colour.
  5166 | D:4      | Reached XP level 7. HP: 24/56 MP: 8/13
  5166 | D:4      | Gained mutation: Your flesh is cold resistant. (rC+) [White
                  | Draconian growth]
  5433 | D:4      | Found a shimmering altar of Xom.
  5530 | D:4      | Found a staircase to the Ecumenical Temple.
  5648 | Temple   | Entered the Ecumenical Temple
  5717 | Temple   | Became a worshipper of Vehumet
  5790 | D:4      | Found a runed translucent door.
  5791 | D:4      | Noticed Crazy Yiuf
  5797 | D:4      | Killed Crazy Yiuf
  5994 | D:5      | Entered Level 5 of the Dungeon
  6120 | D:5      | Found a transporter.
  6127 | D:5      | Noticed Gregoryblaze's ghost (novice DrTm)
  6327 | D:5      | Reached skill level 1 in Hexes
  6327 | D:5      | Reached skill level 1 in Translocations
  6327 | D:5      | Reached XP level 8. HP: 63/63 MP: 5/15
  6406 | D:5      | Reached skill level 8 in Conjurations
  6639 | D:5      | Reached skill level 5 in Spellcasting
  6833 | D:5      | Identified the +0 cloak of Unreason {Rampage}
  7016 | D:5      | Found a transporter.
  7196 | D:6      | Reached skill level 5 in Fighting
  7196 | D:6      | Reached skill level 9 in Conjurations
  7205 | D:6      | Reached XP level 9. HP: 46/74 MP: 13/17
  7386 | D:6      | Reached * piety under Vehumet
  7386 | D:6      | Offered knowledge of Shock by Vehumet.
  7523 | D:6      | Slain by an ogre

Illustrated notes

Levels and vault maps discovered:
D:1:      saegor_arrival_fortress, layout_basic,
          chequers_ecumenical_altar_island
D:2:      minmay_inner_zag, layout_basic, serial_rivers,
          chequers_serial_rivers_marsh, chequers_serial_rivers_small_a,
          chequers_serial_rivers_micro_e, chequers_serial_rivers_large_b,
          chequers_serial_rivers_micro_c, chequers_serial_rivers_micro_d,
          uniq_natasha
D:3:      layout_loops_ring
D:4:      layout_basic, nemelex_xobeh_ov_fountains_minmay,
          mainiacjoe_overflow_boulevard, minmay_temple_entry_proselytizer,
          minmay_unequal, uniq_crazy_yiuf_cottage, uniq_pargi
D:5:      minmay_bubble_buster, layout_rooms, gammafunk_ghost_stat_death,
          minmay_misc_feat_roman
D:6:      layout_basic, minmay_bent, uniq_eustachio
Temple:   kb_temple_of_zot

Skill      XL: |  1  2  3  4  5  6  7  8 |
---------------+-------------------------+-----
Stealth        | 2 |  2.0
Dodging        | 2 |  2.0
Conjurations   | 5 6 7 9 |  9.6
Spellcasting   | 3 4 5 |  5.9
Fighting       | 1 2 3 5 |  5.0
Hexes          | 1 2 |  2.0
Translocations | 1 2 |  2.0

Action                   |  1- 3 |  4- 6 |  7- 9 || total
-------------------------+-------+-------+-------++-------
Melee: Unarmed           |    20 |     1 |       ||    21
       Tailslap          |     2 |     3 |    13 ||    18
       War axe           |       |    49 |   119 ||   168
       Punch             |       |     1 |     3 ||     4
 Cast: Magic Dart        |    65 |    31 |       ||    96
       Searing Ray       |       |    13 |    11 ||    24
       Iskenderun's Myst |       |       |     2 ||     2
 Abil: Breathe Frost     |       |       |     1 ||     1
 Stab: Sleeping          |       |     3 |     2 ||     5
Armor: Skin              |     8 |    29 |    65 ||   102
Dodge: Dodged            |    19 |    46 |   103 ||   168
